 Dungeon Crawl Stone Soup version 0.21-a0-471-gd587bd5 (webtiles) character file.

32 tof the Skirmisher (level 3, -3/29 HPs)
             Began as a Demonspawn Berserker on Nov 21, 2017.
             Was a Follower of Trog.
             Slain by an adder (4 damage)
             ... on level 1 of the Dungeon.
             The game lasted 00:01:54 (1526 turns).

tof the Skirmisher (Demonspawn Berserker)           Turns: 1526, Time: 00:01:55

Health: -3/29      AC:  3    Str: 17    XL:     3   Next: 8%
Magic:  3/3        EV: 12    Int:  8    God:    Trog [*.....]
Gold:   61         SH:  0    Dex: 13    Spells: 2/2 levels left

rFire    . . .     SeeInvis .   a - +0 falchion
rCold    . . .     Gourm    .   (no shield)
rNeg     . . .     Faith    .   h - +0 leather armour
rPois    .         Spirit   .   (no helmet)
rElec    .         Reflect  .   (no cloak)
rCorr    .         Harm     .   (no gloves)
MR       .....                  (no boots)
Stlth    +.........             (no amulet)
HPRegen  0.09/turn              (no ring)
MPRegen  0.08/turn              (no ring)

@: lethally poisoned (-3 -> -14)
A: talons 1
a: Berserk, Burn Spellbooks, Renounce Religion


You were on level 1 of the Dungeon.
You worshipped Trog.
Trog was aware of your devotion.
You were not hungry.

You visited 1 branch of the dungeon, and saw 2 of its levels.

You collected 61 gold pieces.

Inventory:

Hand Weapons
 a - a +0 falchion (weapon)
Missiles
 f - 11 poisoned needles
Armour
 h - a +0 leather armour (worn)
Scrolls
 e - a scroll of teleportation {unknown}
 g - a scroll of remove curse {unknown}
Comestibles
 c - a bread ration


   Skills:
 + Level 3.2 Fighting
 * Level 3.2 Long Blades
 + Level 2.1 Armour
 + Level 2.1 Dodging


You had 2 spell levels left.
You didn't know any spells.

Dungeon Overview and Level Annotations

Branches:
Dungeon (2/15)

Altars:


Innate Abilities, Weirdness & Mutations

You have sharp toenails.


Message History

You feel sick. The adder bites you.
You are more poisoned.
The adder poisons you! The adder bites you.
* * * LOW HITPOINT WARNING * * *
Your leather armour prevents you from hitting the adder.
Your kick misses the adder.
The adder is heavily wounded.
The adder bites you.
* * * LOW HITPOINT WARNING * * *
You are more poisoned.
The adder poisons you!
You hit the adder. You claw the adder, but do no damage.
The adder is severely wounded.
* * * LOW HITPOINT WARNING * * *
You feel sick. The adder barely misses you. The adder closely misses you.
You barely miss the adder. Your kick misses the adder.
The adder is severely wounded.
* * * LOW HITPOINT WARNING * * *
You feel sick. The adder bites you.
You die...

###.#.###.......# #.##
##.#..# #.......####...
##.###.###.............. #.##
##..).......#######
#######.###...........#
#........#.†###.......#
#.#....)#.#>w########.#######
#.#.###.#.##S# #.#......
#.#.#.....##@# #........
#####.#.#.#.####.## ###.#####
#...........###)#.## #.#
#.###.########.###.## #.#
#.###.# ##.## ##.#######.#
......# #.## ##........#
####### ##(## ##.#########
##.###.## ##.#.##


You could see a worm and an adder.

Vanquished Creatures
  An adder (D:1)
  5 bats
  4 giant cockroaches (D:1)
  2 goblins (D:1)
  A hobgoblin (D:1)
  A ball python (D:1)
  2 frilled lizards (D:1)
  3 kobolds (D:1)
  3 rats (D:1)
22 creatures vanquished.

Notes
Turn   | Place    | Note
-------+----------+-------------------------------------------
     0 | D:1      | tof the Demonspawn Berserker began the quest for the Orb.
     0 | D:1      | Reached XP level 1. HP: 18/18 MP: 1/1
   447 | D:1      | Gained mutation: You have sharp toenails. [demonic ancestry]
   447 | D:1      | Reached XP level 2. HP: 20/24 MP: 2/2
  1335 | D:1      | Reached XP level 3. HP: 14/29 MP: 3/3
  1526 | D:1      | HP: 1/29 [poisoned by an adder]
  1526 | D:1      | Slain by an adder

Vault maps used:
D:1:      dpeg_arrival_arbitrary_a
D:2:      uniq_sigmund, uniq_crazy_yiuf_cottage

Skill      XL: |  1  2 |
---------------+-------+-----
Dodging        | 2 |  2.1
Long Blades    | 3 |  3.2
Armour         | 2 |  2.1
Fighting       | |  3.2

Action                   || total
-------------------------++-------
Melee: Falchion          ||    71
       Kick              ||    15
 Stab: Sleeping          ||     1
  Eat: Chunk             ||     2
Armor: Animal skin       ||    28
       Leather armour    ||    13
Dodge: Dodged            ||   105
       Rpst.: Falchion   ||    26

Table legend:
 A = Spawn XP
 B = Non-spawn XP
 C = Spawn XP percentage of total XP
 D = Spawn monster count
 E = Non-spawn monster count
 F = Spawn count percentage of total count
 G = Total turns spent on level
                    A         B        C        D         E        F      G
               +---------+---------+-------+---------+---------+-------+---------
         Total |       0 |      46 |   0.0 |       0 |      22 |   0.0 |  1526
               +---------+---------+-------+---------+---------+-------+---------
           D:1 |       0 |      44 |   0.0 |       0 |      21 |   0.0 |  1517
           D:2 |       0 |       2 |   0.0 |       0 |       1 |   0.0 |     9
               +---------+---------+-------+---------+---------+-------+---------
